 Dungeon Crawl Stone Soup version 0.20-a0-1088-gd50b1d5 (webtiles) character file.

270 Murumi the Covert (level 6, -2/43 HPs)
             Began as a Vampire Enchanter on May 2, 2017.
             Slain by endorz's ghost (8 damage)
             ... on level 3 of the Dungeon.
             The game lasted 00:14:34 (4742 turns).

Murumi the Covert (Vampire Enchanter)               Turns: 4742, Time: 00:14:35

Health: -2/43      AC:  7    Str:  5    XL:     6   Next: 1%
Magic:  0/9        EV: 18    Int: 22    God:
Gold:   109        SH:  0    Dex: 22    Spells: 3/9 levels left

rFire    . . .     SeeInvis +   a - +1 dagger
rCold    + . .     Gourm    .   (no shield)
rNeg     + + .     Faith    .   b - +0 robe
rPois    +         Spirit   .   (no helmet)
rElec    .         Reflect  .   k - +0 cloak
rCorr    .         Harm     .   (no gloves)
MR       .....                  (no boots)
Stlth    ++++++....             (no amulet)
Regen    0.1/turn               (no ring)
MPRegen  0.2/turn               (no ring)

@: brilliant, agile, very slightly contaminated, regenerating slowly, invisible
A: fangs 3, icy blue scales 1, iridescent scales 1, see invisible, weak 1,
unbreathing, MP-powered wands
a: Bat Form


You were on level 3 of the Dungeon.
You were thirsty.

You visited 1 branch of the dungeon, and saw 3 of its levels.

You collected 109 gold pieces.

Inventory:

Hand Weapons
 a - a +1 dagger (weapon)
Armour
 b - a +0 robe (worn)
 h - a +0 buckler
 k - a +0 cloak (worn)
 m - a +2 shield
Wands
 j - a wand of polymorph (13/24)
Scrolls
 e - 3 scrolls of teleportation
Potions
 d - 12 potions of blood
 g - a potion of brilliance
Books
 c - a book of Maledictions

   Spells                             Type                      Level
   a - Corona                         Hexes                        1
   b - Ensorcelled Hibernation        Hexes/Ice                    2
   c - Confuse                        Hexes                        3
   d - Tukima's Dance                 Hexes                        3
   e - Dazzling Spray                 Conjuration/Hexes            3


   Skills:
 - Level 1.2 Fighting
 - Level 4.0 Short Blades
 - Level 2.1 Dodging
 + Level 8.3 Stealth
 - Level 2.0 Spellcasting
 - Level 4.4 Hexes


You had 3 spell levels left.
You knew the following spells:

 Your Spells              Type           Power        Failure   Level  Hunger
a - Corona                Hex            ####...      1%          1    #......
b - Ensorcelled Hibernat  Hex/Ice        ####..       1%          2    ##.....
c - Confuse               Hex            ####....     1%          3    ###....


Dungeon Overview and Level Annotations

Branches:
Dungeon (3/15)

Altars:
Kikubaaqudgha
Sif Muna
The Shining One

Annotations:
D:3 endorz's ghost, amateur FoFi


Innate Abilities, Weirdness & Mutations

You heal slowly.
You have razor-sharp teeth.
You have supernaturally acute eyesight. (SInv)
You can survive without breathing.
You are partially covered in icy blue scales. (AC +2)
You are partially covered in iridescent scales. (AC +2)
You are weak. (Str -2)
You expend magic power (3 MP) to strengthen your wands.


Message History

* * * LOW HITPOINT WARNING * * *
You hit endorz's ghost but do no damage.
Endorz's ghost is moderately damaged.
You hit endorz's ghost but do no damage.
Endorz's ghost is moderately damaged.
Endorz's ghost completely misses you.
You feel clever all of a sudden. Endorz's ghost completely misses you.
Okay, then.
Casting: Confuse
Confirm with . or Enter, or press ? or * to list all spells.
Aiming: Confuse
Press: ? - help, Shift-Dir - straight line, f/p - endorz's ghost
Aim: endorz's ghost (moderately damaged, chance to defeat MR: 50%) Endorz's ghost resists with significant effort.
Endorz's ghost completely misses you.
You hit endorz's ghost but do no damage.
Endorz's ghost is moderately damaged.
Endorz's ghost hits you!
You die...

.........####
............#
....##...##.# +# .
....#....##.# ##.# ..
...##.##.##'#### ...#...
..##.#.##......# .≈..≈.≈
..#.#...#......# ..≈≈.≈.
###...#.#......###..≈≈≈≈≈
##.#..#......'@Wb..≈≈≈≈
##..##......###o.≈≈≈≈≈
##..#.#......# ..≈≈≈≈.
#..#..######## ...≈≈≈.
#.#...# #..≈≈≈≈ ##..###
..≈≈≈≈ ##_# ..≈≈≈≈ ###
.≈≈≈≈≈


You could see endorz's ghost, an orc and a bat.

Vanquished Creatures
  2 jellies (D:2)
  Crazy Yiuf (D:2)
  Jessica (D:2)
  4 gnolls (D:2)
  2 adders
  9 oozes
  A leopard gecko (D:1)
  4 orcs
  A ball python (D:3)
  7 bats
  7 goblins
  2 hobgoblins
  13 kobolds
  A quokka (D:2)
  A frilled lizard (D:1)
  5 rats
  7 plants (D:1)
68 creatures vanquished.

Vanquished Creatures (others)
  4 fungi (D:2)
  4 toadstools (D:2)
8 creatures vanquished.

Grand Total: 76 creatures vanquished

Notes
Turn   | Place    | Note
-------+----------+-------------------------------------------
     0 | D:1      | Murumi the Vampire Enchanter began the quest for the Orb.
     0 | D:1      | Reached XP level 1. HP: 13/13 MP: 3/3
   250 | D:1      | Reached skill level 5 in Stealth
   392 | D:1      | Reached XP level 2. HP: 9/20 MP: 3/5
   396 | D:1      | Learned a level 2 spell: Ensorcelled Hibernation
   722 | D:1      | Reached skill level 1 in Fighting
  2529 | D:2      | Reached XP level 3. HP: 26/26 MP: 6/6
  2600 | D:2      | Reached skill level 6 in Stealth
  2605 | D:2      | Learned a level 3 spell: Confuse
  2652 | D:2      | Gained mutation: You are weak. (Str -2) [potion of mutation]
  2652 | D:2      | Gained mutation: You expend magic power (3 MP) to strengthen your wands. [potion of mutation]
  2652 | D:2      | Gained mutation: You are partially covered in iridescent scales. (AC +2) [potion of mutation]
  2652 | D:2      | Gained mutation: You are partially covered in icy blue scales. (AC +2) [potion of mutation]
  2681 | D:2      | Found a deep blue altar of Sif Muna.
  3141 | D:2      | Reached skill level 7 in Stealth
  3141 | D:2      | Reached XP level 4. HP: 4/32 MP: 0/7
  3675 | D:2      | Found an ancient bone altar of Kikubaaqudgha.
  3730 | D:2      | Reached skill level 8 in Stealth
  3733 | D:2      | Reached XP level 5. HP: 37/37 MP: 8/8
  3758 | D:2      | Found a runed door.
  3762 | D:2      | Noticed Crazy Yiuf
  3766 | D:2      | Killed Crazy Yiuf
  3977 | D:2      | Noticed Jessica
  3984 | D:2      | Killed Jessica
  4282 | D:3      | Noticed endorz's ghost (amateur FoFi)
  4576 | D:3      | Reached XP level 6. HP: 43/43 MP: 2/9
  4671 | D:3      | Found a glowing golden altar of the Shining One.
  4742 | D:3      | Slain by endorz's ghost

Vault maps used:
D:1:      lightli_arrival_boilingwater, wad_woods_river_04
D:2:      cheibrodos_fertilizer, lemuel_doored_altar, lemuel_crystal_altar,
          uniq_crazy_yiuf_cottage, uniq_jessica
D:3:      marbit_many_paths, chequers_ecumenical_altar_island,
          makhleb_blood_cavern_becter

Skill      XL: |  1  2  3  4  5 |
---------------+----------------+-----
Stealth        | 5 7 8 |  8.3
Fighting       | 1 |  1.2
Short Blades   | 4 |  4.0
Dodging        | |  2.1
Spellcasting   | |  2.0
Hexes          | |  4.4

Action                   |  1- 3 |  4- 6 || total
-------------------------+-------+-------++-------
Melee: Dagger            |   976 |    94 ||  1070
       Bite              |   166 |     9 ||   175
 Cast: Corona            |     4 |       ||     4
       Ensorcelled Hiber |    23 |    25 ||    48
       Confuse           |       |     3 ||     3
  Use: Scroll            |     4 |     3 ||     7
       Potion            |     2 |     8 ||    10
 Stab: Sleeping          |    24 |    20 ||    44
       Distracted        |     1 |     3 ||     4
Armor: Robe              |     9 |    21 ||    30
       Skin              |       |     5 ||     5
Dodge: Dodged            |    42 |    69 ||   111
